 Dungeon Crawl Stone Soup version 0.29.0-10-g45618ea6d2 (webtiles) character file.

Game seed: 14917527387257893510

335 Iusername the Slasher (level 6, -4/51 HPs)
             Began as a Palentonga Fighter on Sept 1, 2022.
             Slain by a gnoll
             ... wielding a +0 halberd
              (6 damage)
             ... on level 5 of the Dungeon.
             The game lasted 00:05:52 (3644 turns).

Iusername the Slasher (Palentonga Fighter)          Turns: 3644, Time: 00:05:52

Health: -4/51      AC: 18    Str: 24    XL:     6   Next: 28%
Magic:  6/6        EV:  4    Int:  8    God:
Gold:   51         SH:  4    Dex:  9    Spells: 5/5 levels left

rFire   . . .      SeeInvis +   a - +0 long sword
rCold   . . .      Faith    .   c - +0 buckler
rNeg    . . .      Spirit   .   k - +7 plate armour {ponderous}
rPois   .          Reflect  .   (no helmet)
rElec   .          Harm     .   i - +0 cloak
rCorr   .          Rampage  .   l - +0 pair of gloves
Will    .....                   (no barding)
Stlth   ..........              (no amulet)
HPRegen 0.17/turn               (no ring)
MPRegen 0.10/turn               (no ring)

@: slow
A: large, rugged brown scales 3, see invisible, deformed body, roll 1, armoured
tail
a: Rolling Charge


You were on level 5 of the Dungeon.
You visited 1 branch of the dungeon, and saw 4 of its levels.

You collected 51 gold pieces.

Inventory:

Hand Weapons
 a - a +0 long sword (weapon)
Armour
 c - a +0 buckler (worn)
 i - a +0 cloak (worn)
 k - a +7 plate armour of ponderousness (worn)
 l - a +0 pair of gloves (worn)
Wands
 f - a wand of polymorph (8)
 o - a wand of mindburst (4) (quivered)
Scrolls
 e - a scroll of blinking
 g - 2 scrolls of teleportation
 n - a scroll of identify
Potions
 b - a potion of attraction {unknown}
 d - a potion of might
 h - a potion of magic {unknown}
 m - a potion of resistance {unknown}


   Skills:
 + Level 3.8 Fighting
 + Level 4.4 Long Blades
 + Level 3.5 Armour
 + Level 0.4 Dodging
 + Level 3.4 Shields
 + Level 1.0 Evocations


You had 5 spell levels left.
You didn't know any spells.
Your spell library contained the following spells:

 Spells                   Type           Power      Damage    Failure   Level
 Ensorcelled Hibernation  Hex/Ice        0%         N/A       100%        2
 Spider Form              Tmut/Pois      0%         N/A       100%        3
 Anguish                  Hex/Necr       0%         N/A       100%        4


Dungeon Overview and Level Annotations

Branches:
Dungeon (3/15)

Altars:


Innate Abilities, Weirdness & Mutations

You are completely covered in rugged brown scales. (AC +3, +7% HP)
You have supernaturally acute eyesight. (SInv)
Armour fits poorly on your strangely shaped body.
You can roll at nearby foes to attack.
You have a long armoured tail.


Message History

The gnoll hits you with a +0 whip.
* * * LOW HITPOINT WARNING * * *
You barely miss the gnoll.
Your tail-slap misses the gnoll.
The gnoll is severely wounded.
The gnoll drinks a potion.
The gnoll is healed!
You barely miss the gnoll. You tail-slap the gnoll.
The gnoll is severely wounded.
The gnoll barely misses you. The gnoll hits you but does no damage.
You barely miss the gnoll.
The gnoll is severely wounded.
You block the gnoll's attack.
You hit the gnoll.
Your tail-slap misses the gnoll.
The gnoll is severely wounded.
You feel a little less mighty now. The gnoll hits you but does no damage.
You hit the gnoll but do no damage.
The gnoll is severely wounded.
The gnoll barely misses you.
You closely miss the gnoll. You tail-slap the gnoll.
You kill the gnoll!
Things that are here:
a +0 whip; a gnoll corpse You start resting.
A gnoll is nearby!
A gnoll is nearby!
A gnoll is nearby!
A gnoll is nearby!
A gnoll is nearby!
The gnoll shouts!
You hear a shout!
The gnoll hits you with a +0 halberd!
* * * LOW HITPOINT WARNING * * *
You closely miss the gnoll.
Your tail-slap misses the gnoll.
The gnoll closely misses you.
You barely miss the gnoll. The gnoll hits you with a +0 halberd.
* * * LOW HITPOINT WARNING * * *
The gnoll barely misses you.
You hit the gnoll.
The gnoll is moderately wounded.
The gnoll hits you with a +0 halberd.
You die...

#### ..# #.# #.# #.#
...... #@# ..... #g#
.g... #.# .... #)# ...
#.# #'# #.#
.#.#############.###..#
..................##..#
#..#############..##..#


You could see a gnoll.

Vanquished Creatures
  A water moccasin (D:5)
  An ice beast (D:5)
  An orc priest (D:5)
  4 adders
  A gnoll (D:5)
  2 worms (D:2)
  A dart slug (D:2)
  3 orcs (D:5)
  2 ball pythons
  4 endoplasms
  2 giant cockroaches (D:2)
  5 goblins
  9 hobgoblins
  3 quokkas
  7 bats
  A frilled lizard (D:2)
  3 kobolds (D:1)
  3 rats
53 creatures vanquished.

Notes
Turn   | Place    | Note
-------+----------+-------------------------------------------
     0 | D:1      | Iusername the Palentonga Fighter began the quest for the
                  | Orb.
     0 | D:1      | Reached XP level 1. HP: 19/19 MP: 1/1
   464 | D:1      | Reached XP level 2. HP: 15/25 MP: 2/2
  1386 | D:2      | Reached XP level 3. HP: 22/31 MP: 3/3
  1739 | D:2      | Found a faded altar of an unknown god.
  2054 | D:2      | Reached XP level 4. HP: 17/37 MP: 4/4
  2584 | D:3      | Reached skill level 3 in Long Blades
  2665 | D:3      | You fall into a shaft and drop 2 floors!
  2665 | D:5      | Entered Level 5 of the Dungeon
  3190 | D:5      | Noticed an ice beast
  3204 | D:5      | Killed an ice beast
  3205 | D:5      | Reached skill level 4 in Long Blades
  3205 | D:5      | Reached XP level 5. HP: 25/44 MP: 5/5
  3557 | D:5      | Noticed a water moccasin
  3587 | D:5      | Killed a water moccasin
  3588 | D:5      | Reached skill level 1 in Evocations
  3588 | D:5      | Reached XP level 6. HP: 6/51 MP: 6/6
  3643 | D:5      | HP: 2/51 [gnoll/+0 halberd (1)]
  3644 | D:5      | Slain by a gnoll

Illustrated notes

Levels and vault maps discovered:
D:1:      tarquinn_simple_flora_water_c, layout_basic
D:2:      layout_loops_ring, dreamdust_ecumenical_altar_angels_and_demons,
          dreamdust_princess_bridge, minmay_3d_cube
D:3:      layout_loops_ring, tgw_fedhas, uniq_ijyb
D:5:      layout_basic, temple_hall, st_stairs_12, minmay_joined_circles,
          uniq_eustachio

Skill      XL: |  1  2  3  4  5 |
---------------+----------------+-----
Shields        | 3 |  3.4
Long Blades    | 4 |  4.4
Armour         | 3 |  3.5
Evocations     | 1 |  1.0
Fighting       | |  3.8
Dodging        | |  0.4

Action                   |  1- 3 |  4- 6 || total
-------------------------+-------+-------++-------
Melee: Long sword        |   145 |    66 ||   211
       Tailslap          |    17 |     4 ||    21
Evoke: Wand              |       |    14 ||    14
  Use: Scroll            |       |     5 ||     5
       Potion            |       |     5 ||     5
Armor: Scale mail        |    56 |       ||    56
       Plate armour      |    62 |    51 ||   113
Dodge: Dodged            |    60 |    22 ||    82
Block: Buckler           |    34 |    21 ||    55
